 Dungeon Crawl Stone Soup version 0.26-a0-259-g1effd001a9 (webtiles) character file.

Game seed: 12267840022877420362

113 Apogee the Ruffian (level 4, 0/44 HPs)
             Began as a Troll Warper on July 11, 2020.
             Was an Initiate of Cheibriados.
             Slain by an orc
             ... wielding a +0 club
              (2 damage)
             ... on level 3 of the Dungeon.
             The game lasted 00:02:29 (1534 turns).

Apogee the Ruffian (Troll Warper)                   Turns: 1534, Time: 00:02:30

Health: 0/44       AC:  6    Str: 21    XL:     4   Next: 65%
Magic:  4/4        EV: 10    Int: 10    God:    Cheibriados [......]
Gold:   79         SH:  0    Dex: 10    Spells: 3/5 levels left

rFire    . . .     SeeInvis .     - Unarmed
rCold    . . .     Faith    .   (no shield)
rNeg     . . .     Spirit   .   a - +0 robe
rPois    .         Reflect  .   (helmet restricted)
rElec    .         Harm     .   (no cloak)
rCorr    .                      (gloves unavailable)
MR       .....                  (boots unavailable)
Stlth    +.........             (no amulet)
HPRegen  0.54/turn              (no ring)
MPRegen  0.09/turn              (no ring)

@: very slow
A: large, unfitting armour, claws 3, fast metabolism 1, regeneration 1, shaggy
fur 1, tough skin 3
a: Bend Time, Renounce Religion


You were on level 3 of the Dungeon.
You worshipped Cheibriados.
Cheibriados was noncommittal.
You were not hungry.

You visited 1 branch of the dungeon, and saw 3 of its levels.

You collected 79 gold pieces.

Inventory:

Hand Weapons
 p - a +0 hunting sling
Missiles
 d - 5 boomerangs of dispersal {=f}
 h - 94 stones (quivered)
Armour
 a - a +0 robe (worn)
 k - a cursed +0 robe
Scrolls
 b - 2 scrolls of enchant armour {unknown}
 c - a scroll of blinking {!r}
 e - 3 scrolls of magic mapping {unknown}
 g - 5 scrolls of identify {unknown}
 j - 4 scrolls of teleportation {unknown}
 l - a scroll of immolation {unknown}
 m - a scroll of fog {unknown}
 n - 2 scrolls of fear {unknown}
 o - a scroll of enchant weapon {unknown}
Potions
 i - a potion of curing {unknown}
 q - a potion of flight {unknown}
Comestibles
 f - 15 rations


   Skills:
 + Level 2.6 Fighting
 - Level 0.8 Throwing
 - Level 1.9 Dodging
 * Level 4.2 Unarmed Combat
 - Level 1.2 Spellcasting
 - Level 2.1 Translocations


You had 3 spell levels left.
You knew the following spells:

 Your Spells              Type           Power        Failure   Level
a - Blink                 Tloc           N/A          21%         2

Your spell library contained the following spells:

 Spells                   Type           Power        Failure   Level
 Shroud of Golubria       Chrm/Tloc      #.....       32%         2
 Magic Dart               Conj           #...         34%         1
 Gell's Gravitas          Tloc           #.........   38%         3
 Lesser Beckoning         Tloc           #.........   38%         3
 Teleport Other           Tloc           #.......     38%         3
 Call Imp                 Summ           #.......     45%         2
 Slow                     Hex            #.......     45%         2
 Conjure Flame            Conj/Fire      #.......     71%         3
 Mephitic Cloud           Conj/Pois/Air  #.......     71%         3
 Passage of Golubria      Tloc           N/A          80%         4


Dungeon Overview and Level Annotations

Branches:
Dungeon (3/15)

Altars:
Cheibriados
Fedhas
Hepliaklqana
Makhleb


Innate Abilities, Weirdness & Mutations

You are too large for most types of armour.
You have claws for hands.
You have a fast metabolism.
Your natural rate of healing is unusually fast.
You are covered in fur. (AC +1)
You have extremely tough skin. (AC +3)


Message History

* * * LOW HITPOINT WARNING * * *
You closely miss the orc wizard.
The orc wizard is severely wounded.
The orc hits you but does no damage.
The orc wizard hits you but does no damage.
You barely miss the orc wizard.
The orc wizard is severely wounded.
The orc priest miscasts a cantrip.
The orc barely misses you. The orc hits you with a cursed -1 club.
* * * LOW HITPOINT WARNING * * *
The orc wizard points at you and mumbles some strange words.
The magic dart hits you!
* * * LOW HITPOINT WARNING * * *
You are too injured to fight recklessly!
You are too injured to fight recklessly!
You claw the orc wizard!
You kill the orc wizard!
Cheibriados appreciates the change of pace.
The orc hits you with a +0 club.
You die...

#........
#).......
#........
#........
#........
#o.......
####os......
######..@oo...#
#......o##.......
#######.# .....(.
#.. .......
####o......


os..... ....... #.###<# You could see an orc priest, 4 orcs and a giant
cockroach.

Vanquished Creatures
  An orc wizard (D:3)
  An adder (D:2)
  An ooze (D:2)
  2 worms (D:2)
  4 dart slugs
  A leopard gecko (D:1)
  An orc (D:3)
  3 ball pythons (D:2)
  3 giant cockroaches
  7 goblins
  10 hobgoblins
  2 quokkas (D:2)
  5 bats
  2 frilled lizards
  6 kobolds
  7 rats
56 creatures vanquished.

Notes
Turn   | Place    | Note
-------+----------+-------------------------------------------
     0 | D:1      | Apogee the Troll Warper began the quest for the Orb.
     0 | D:1      | Reached XP level 1. HP: 19/19 MP: 1/1
   222 | D:1      | Reached XP level 2. HP: 28/28 MP: 2/2
   387 | D:1      | Reached skill level 3 in Unarmed Combat
   510 | D:1      | Reached XP level 3. HP: 35/35 MP: 3/3
   847 | D:2      | Learned a level 2 spell: Blink
   959 | D:2      | Found a snail-covered altar of Cheibriados.
   987 | D:2      | Became a worshipper of Cheibriados the Contemplative
  1123 | D:2      | Reached XP level 4. HP: 41/44 MP: 4/4
  1201 | D:2      | Found a burning altar of Makhleb.
  1204 | D:2      | Found a hazy altar of Hepliaklqana.
  1205 | D:2      | Found a blossoming altar of Fedhas.
  1527 | D:3      | Reached skill level 4 in Unarmed Combat
  1533 | D:3      | HP: 1/44 [orc wizard/magic dart (7)]
  1534 | D:3      | Slain by an orc

Illustrated notes

Levels and vault maps discovered:
D:1:      giann_forest_graveyard, layout_basic, minmay_pentomino_t2
D:2:      layout_loops_corners, grunt_temple_overflow_open,
          kennysheep_slug_shrine, minmay_indecisive_spiral
D:3:      layout_rooms, portal_sewer_entry_b, ebering_ghost_sewer_f,
          first_ration, uniq_natasha

Skill      XL: |  1  2  3  4 |
---------------+-------------+-----
Fighting       | 2 |  2.6
Unarmed Combat | 3 4 |  4.2
Throwing       | |  0.8
Dodging        | |  1.9
Spellcasting   | |  1.2
Translocations | |  2.1

Action                   |  1- 3 |  4- 6 || total
-------------------------+-------+-------++-------
Melee: Unarmed           |   116 |    39 ||   155
  Eat: Ration            |     1 |       ||     1
Armor: Robe              |    57 |    10 ||    67
Dodge: Dodged            |    79 |    13 ||    92

Table legend:
 A = Non-vault XP
 B = Vault XP
 C = Vault XP percentage of total XP
 D = Non-vault monster count
 E = Vault monster count
 F = Vault count percentage of total count
                 A         B        C        D         E       F
            +---------+---------+-------+---------+---------+-------
      Total |     150 |      12 |   7.4 |      50 |       6 |  10.7
            +---------+---------+-------+---------+---------+-------
        D:1 |      43 |       3 |   6.5 |      22 |       2 |   8.3
        D:2 |      69 |       9 |  11.5 |      26 |       4 |  13.3
        D:3 |      38 |       0 |   0.0 |       2 |       0 |   0.0
            +---------+---------+-------+---------+---------+-------
